AoeStats
← lexi.r.d

Four Lakes

509258479Analyzed
1v1 RM · 7d ago on Sep 26, 2026· 73m 42s· 2 players
Game mode
Random Map
Map size
Tiny (2 player)
Population
200
Speed
Normal
Resources
Standard
Victory
Conquest
Starting age
Dark Age
Ending age
Imperial Age
RankedLock teamsTeams togetherTeam positionsShared explorationLock speedFull tech treeHidden civsTurbo modeCheats
Victory
Defeat
🇺🇸 Britons · United States
558
+18
🇳🇿 Vietnamese · New Zealand
605
-18
Mdog
0:56 Loom
10:50 Feudal Age
11:22 Double-Bit Axe
12:16 Wheelbarrow
11:29 Horse Collar
13:10 Town Watch
27:31 Castle Age
25:45 Fishing Lines
26:40 Fletching
26:50 Padded Archer Armor
26:52 Scale Mail Armor
27:33 Elite Skirmisher
28:20 Thumb Ring
27:38 Pikeman
28:33 Bow Saw
29:14 Squires
30:01 Gillnets
31:00 Hand Cart
32:47 Town Patrol
35:34 Husbandry
37:05 Scale Barding Armor
37:16 Forging
40:58 Imperial Age
40:09 Bodkin Arrow
40:29 Leather Archer Armor
40:31 Chain Mail Armor
42:17 Hoardings
43:11 Husbandry
45:18 Bracer
45:49 Ring Archer Armor
45:45 Imperial Skirmisher
48:03 Ballistics
47:39 Murder Holes
51:06 Heavy Plow
52:28 Elite Rattan Archer
54:57 Chemistry
54:08 Masonry
56:04 Two-Man Saw
57:49 Plate Mail Armor
56:57 Light Cavalry
57:48 Bloodlines
61:40 Halberdier
61:42 Elite Fire Lancer
61:51 Cavalier
65:33 Chain Barding Armor
65:51 Iron Casting
72:44 Plate Barding Armor
lexi.r.d
10:33 Feudal Age
23:40 Castle Age
21:29 Double-Bit Axe
21:26 Horse Collar
25:03 Padded Archer Armor
30:36 Light Cavalry
33:01 Leather Archer Armor
32:37 Fletching
33:03 Scale Barding Armor
35:08 Bodkin Arrow
36:29 Chain Barding Armor
37:58 Scale Mail Armor
39:06 Husbandry
44:45 Imperial Age
44:58 Chain Mail Armor
44:54 Forging
45:38 Bow Saw
45:32 Bracer
46:29 Elite Longbowman
48:13 Ballistics
48:57 Chemistry
47:56 Murder Holes
51:07 Yeomen
51:48 Fortified Wall
52:55 Conscription
53:01 Conscription
56:18 Ring Archer Armor
56:31 Plate Barding Armor
56:43 Iron Casting
57:16 Plate Mail Armor
Connection lost

Rejoining the realm…

Still unreachable

The connection could not be restored.

Session expired

The server has moved on; the page needs a fresh start.